 Dungeon Crawl Stone Soup version 0.17.2-1-ge4368a0 (console) character file.

9676 Goblin1989 the Martial Artist (level 11, -3/85 HPs)
             Began as a Demonspawn Monk on Nov 7, 2016.
             Was an Initiate of Gozag.
             Slain by a wight
             ... wielding a +2 great sword
              (12 damage)
             ... on level 10 of the Dungeon.
             The game lasted 00:45:43 (12232 turns).

Goblin1989 the Martial Artist (Demonspawn Monk)    Turns: 12232, Time: 00:45:43

Health: -3/85      AC:  8    Str: 14    XL:     11   Next: 26%
Magic:  11/11      EV:  9    Int: 11    God:    Gozag
Gold:   548        SH: 15    Dex: 17    Spells: 0 memorised, 10 levels left

rFire  + + .     SeeInvis +       - Unarmed
rCold  + . .     Clarity  .     F - +1 scale mail {rC+}
rNeg   . . .     SustAt   .     E - +1 large shield {rF+}
rPois  .         Gourm    .     (no helmet)
rElec  .         Spirit   .     (no cloak)
rCorr  .         Warding  .     (gloves unavailable)
rMut   .         Stasis   .     (no boots)
MR     .....                    (no amulet)
Stlth  +.........               s - ring of see invisible
                                f - ring of protection from fire

@: drained, not resistant to hostile enchantments, very unstealthy
A: claws 3, repulsion field 1, demonic guardian 2, foul stench 1, rot immunity
a: Potion Petition, Call Merchant, Bribe Branch, Renounce Religion


You were on level 10 of the Dungeon.
You worshipped Gozag.
Gozag was noncommittal.
You were near starving.

You visited 2 branches of the dungeon, and saw 11 of its levels.

You collected 1173 gold pieces.
You spent 325 gold pieces at shops.
You paid 300 gold pieces to Gozag.

Inventory:

Missiles
 r - 5 curare-tipped needles
Armour
 x - a +0 cloak
 E - a +1 large shield of fire resistance (worn)
 F - a +1 scale mail of cold resistance (worn)
Jewellery
 f - a ring of protection from fire (left claw)
 s - a ring of see invisible (right claw)
 C - the ring "Luceiv" {rC+ rN+, unknown}
   (You took it off a kobold on level 10 of the Dungeon)

   [ring of protection from cold]

   It protects you from cold.
   It protects you from negative energy.
 H - an uncursed ring of ice
 I - an uncursed ring of positive energy {unknown}
Wands
 p - a wand of digging (16)
 u - a wand of disintegration (15)
 y - a wand of magic darts (16)
 G - a wand of digging (14)
Scrolls
 c - a scroll of enchant weapon {unknown}
 h - 11 scrolls of remove curse {@r2}
 j - 2 scrolls of immolation {unknown}
 k - 4 scrolls of recharging
 l - 3 scrolls of enchant armour
 m - a scroll of fear {unknown}
 o - a scroll of fog {unknown}
 q - a scroll of blinking {unknown}
 w - 2 scrolls of amnesia {unknown}
 z - a scroll of brand weapon {unknown}
 B - 3 scrolls of teleportation {unknown}
 R - a scroll of identify {@r1}
Potions
 a - a potion of resistance
 d - a potion of invisibility
 e - a potion of mutation {unknown}
 g - 5 potions of curing {@q1}
 n - a potion of magic
 v - 3 potions of flight
 A - 3 potions of cancellation
 D - a potion of berserk rage {!q}
Comestibles
 b - 6 bread rations {@e1}
 i - 5 meat rations {@e2}
 t - 7 slices of pizza


   Skills:
 + Level 7.6(7.5) Fighting
 + Level 5.9(5.8) Armour
 - Level 2.6 Dodging
 - Level 1.7(1.6) Stealth
 * Level 5.9(5.8) Shields
 * Level 12.5(12.4) Unarmed Combat


You had 10 spell levels left.
You didn't know any spells.

Dungeon Overview and Level Annotations

Branches:
Dungeon (10/15)            Temple (1/1) D:6            Lair (0/8) D:8
    Orc: D:9-12

Altars:
Cheibriados
Dithmenos
Elyvilon
Fedhas
Gozag
Kikubaaqudgha
Nemelex Xobeh
Qazlal
Ru
Trog
Vehumet
Xom
Yredelemnul
The Shining One

Shops:
D:7 [

Annotations:
D:2 exclusion: Sigmund, Sigmund
D:6 1 exclusion


Innate Abilities, Weirdness & Mutations

You have claws for hands.
You are surrounded by a mild repulsion field (EV +2).
A demonic guardian rushes to your aid.
You may emit foul miasma when damaged in melee.
You are immune to rotting.


Message History

You block the wight's attack.
Unknown command.
You mangle the big kobold!!
The big kobold is severely wounded.
The big kobold drinks a potion.
The big kobold is healed!
You block the wight's attack.
Unknown command.
You closely miss the big kobold.
The big kobold is moderately wounded.
You block the wight's attack. You block the big kobold's attack.
You block the wight's attack.
Unknown command.
You scratch the big kobold but do no damage.
The big kobold is moderately wounded.
You block the big kobold's attack.
The wight hits you from afar with a spear.
* * * LOW HITPOINT WARNING * * *
The wight hits you with an enchanted great sword!
You die...
Your body crumbles into a pile of gold.

█..██z██.██.......$....█
.. ... █. █............█
( .... █.██..).........█
.... █.......$.......█
█..█......(.....█
█..█....$.....(.█
█..█......z.....█
█..∆.....z......█
.██....K@..█████ █
█........████████
█........(......█ $
█..........(....█
████████.....(..███████
█.......[)())(.(
█.......████████
█.......█ █.......█


You could see a big kobold and 2 wights.

Vanquished Creatures
  A hill giant (D:10)
  Joseph (D:7)
  A centaur skeleton (D:10)
  Grinder (D:4)
  A two-headed ogre (D:8)
  5 yaks
  3 wraiths (D:10)
  A human (D:9)
  A hippogriff (D:9)
  3 water moccasins
  An orc warrior (D:7)
  2 ice beasts (D:7)
  3 sky beasts
  A black bear (D:7)
  A necrophage (D:6)
  A phantom (D:6)
  2 ogres
  5 centaurs
  2 big kobolds
  4 giant frogs
  A scorpion (D:9)
  A water moccasin skeleton (D:5)
  The ghost of Goblin1989 the Insei, a weakling DsMo (D:4)
  7 killer bees
  9 wights
  2 crimson imps
  A giant frog zombie (D:5)
  A giant frog skeleton (D:6)
  2 centaur zombies
  A jelly (D:5)
  4 hounds
  2 orc priests
  7 orc wizards
  Natasha (thrice) (D:3)
  5 worker ants
  A killer bee zombie (D:7)
  13 adders
  5 gnolls (D:3)
  2 shadow imps
  An adder zombie (D:9)
  3 adder skeletons
  5 worms
  24 orcs
  4 ball pythons
  9 bats
  16 goblins
  7 hobgoblins
  14 jackals
  23 kobolds
  5 quokkas
  A ball python skeleton (D:4)
  5 giant cockroaches
  7 giant geckos
  A giant gecko zombie (D:7)
  6 giant newts
  9 rats
248 creatures vanquished.

Vanquished Creatures (collateral kills)
  Josephine (D:10)
  Harold (D:10)
  The ghost of Tobisume the Basher, a novice DsGl of Qazlal (D:9)
  Nergalle (D:10)
  A fire drake (D:8)
  Eustachio (D:4)
  7 yaks
  Menkaure (D:7)
  Duvessa (D:4)
  A wasp (D:5)
  A phantom (D:9)
  An ogre (D:4)
  A centaur (D:6)
  Dowan (D:4)
  A wight (D:10)
  An orc priest (D:10)
  An orc wizard (D:10)
  An orc (D:10)
  A kobold (D:10)
25 creatures vanquished.

Vanquished Creatures (others)
  An orc (D:10)
  4 toadstools (D:1)
5 creatures vanquished.

Grand Total: 278 creatures vanquished

Notes
Turn   | Place    | Note
--------------------------------------------------------------
     0 | D:1      | Goblin1989 the Demonspawn Monk began the quest for the Orb.
     0 | D:1      | Reached XP level 1. HP: 18/18 MP: 1/1
   122 | D:1      | Reached skill level 4 in Unarmed Combat
   245 | D:1      | Gained mutation: You are surrounded by a mild repulsion field (EV +2). [demonic ancestry]
   245 | D:1      | Reached XP level 2. HP: 13/24 MP: 2/2
   962 | D:2      | Gained mutation: You have sharp fingernails. [demonic ancestry]
   962 | D:2      | Reached XP level 3. HP: 19/29 MP: 3/3
  1711 | D:2      | Noticed Sigmund
  1789 | D:3      | Reached skill level 5 in Unarmed Combat
  1858 | D:3      | Noticed Natasha
  1863 | D:3      | Killed Natasha
  1863 | D:3      | Gained mutation: A weak demonic guardian rushes to your aid. [demonic ancestry]
  1863 | D:3      | Reached XP level 4. HP: 27/35 MP: 4/4
  2051 | D:3      | Found a glowing golden altar of the Shining One.
  2536 | D:3      | Noticed Natasha
  2540 | D:3      | Killed Natasha
  2996 | D:3      | Gained mutation: A demonic guardian rushes to your aid. [demonic ancestry]
  2996 | D:3      | Reached XP level 5. HP: 35/41 MP: 5/5
  3090 | D:3      | Noticed Natasha
  3096 | D:3      | Killed Natasha
  3303 | D:3      | Reached skill level 6 in Unarmed Combat
  3669 | D:3      | Found a shimmering altar of Xom.
  3757 | D:4      | Noticed Duvessa
  3921 | D:4      | Noticed an ogre
  4020 | D:4      | Noticed Grinder
  4038 | D:4      | Killed Grinder
  4038 | D:4      | Gained mutation: You have very sharp fingernails. [demonic ancestry]
  4038 | D:4      | Reached XP level 6. HP: 41/47 MP: 6/6
  4040 | D:4      | Reached skill level 7 in Unarmed Combat
  4116 | D:4      | Noticed Eustachio
  4132 | D:4      | Killed Eustachio
  4428 | D:4      | Noticed Goblin1989's ghost (weakling DsMo)
  4429 | D:4      | Found a bloodstained altar of Trog.
  4442 | D:4      | Killed Goblin1989's ghost
  4442 | D:4      | Gained mutation: You are immune to rotting. [demonic ancestry]
  4442 | D:4      | Reached XP level 7. HP: 25/52 MP: 7/7
  4852 | D:4      | Killed an ogre
  4852 | D:4      | Reached skill level 8 in Unarmed Combat
  4855 | D:4      | Found a snail-covered altar of Cheibriados.
  5212 | D:4      | Noticed Dowan
  5216 | D:4      | Killed Dowan
  5222 | D:4      | Killed Duvessa
  5639 | D:5      | Entered Level 5 of the Dungeon
  5661 | D:5      | Paralysed by a wasp for 2 turns
  5913 | D:5      | Found a shadowy altar of Dithmenos.
  6032 | D:5      | Reached skill level 9 in Unarmed Combat
  6098 | D:5      | Reached XP level 8. HP: 35/58 MP: 8/8
  6552 | D:5      | Reached skill level 1 in Armour
  6928 | D:6      | Reached skill level 10 in Unarmed Combat
  7411 | D:6      | Found a staircase to the Ecumenical Temple.
  8012 | D:7      | Reached XP level 9. HP: 50/66 MP: 9/9
  8227 | D:7      | Found Caakeikh's Armour Emporium.
  8230 | D:7      | Bought a +1 large shield of fire resistance for 165 gold pieces
  8235 | D:7      | Noticed Joseph
  8255 | D:7      | Killed Joseph
  8255 | D:7      | Reached skill level 5 in Fighting
  8255 | D:7      | Reached skill level 1 in Shields
  8354 | D:7      | Noticed Menkaure
  8361 | D:7      | Killed Menkaure
  8406 | D:7      | Reached skill level 11 in Unarmed Combat
  8968 | Temple   | Entered the Ecumenical Temple
  8986 | Temple   | Became a worshipper of Gozag Ym Sagoz the Greedy
  9042 | D:7      | Got a dull robe
  9075 | D:7      | Bought a +1 scale mail of cold resistance for 160 gold pieces
  9085 | D:7      | Identified the +0 robe "Jidwut" {Regen+} (You found it on level 7 of the Dungeon)
  9390 | D:8      | Found a sparkling altar of Nemelex Xobeh.
  9604 | D:8      | Noticed a fire drake
  9609 | D:8      | Killed a fire drake
  9609 | D:8      | Gained mutation: You may emit foul miasma when damaged in melee. [demonic ancestry]
  9609 | D:8      | Reached XP level 10. HP: 76/76 MP: 10/10
  9613 | D:8      | Found a staircase to the Lair.
  9650 | D:8      | Found a stormy altar of Qazlal.
 10652 | D:9      | Reached skill level 5 in Armour
 10789 | D:9      | Noticed Tobisume's ghost (novice DsGl)
 10799 | D:9      | Found a sacrificial altar of Ru.
 10870 | D:9      | Killed Tobisume's ghost
 11035 | D:10     | Entered Level 10 of the Dungeon
 11343 | D:10     | Reached skill level 12 in Unarmed Combat
 11777 | D:10     | Reached skill level 5 in Shields
 11811 | D:10     | Noticed Josephine
 11830 | D:10     | Killed Josephine
 11830 | D:10     | Gained mutation: You have claws for hands. [demonic ancestry]
 11830 | D:10     | Reached XP level 11. HP: 25/84 MP: 11/11
 11867 | D:10     | Got a sparkling golden ring
 12066 | D:10     | Noticed Nergalle
 12077 | D:10     | Noticed a hill giant
 12083 | D:10     | Killed Nergalle
 12087 | D:10     | Killed a hill giant
 12185 | D:10     | Noticed Harold
 12194 | D:10     | Killed Harold
 12232 | D:10     | Slain by a wight

Action                   |  1- 3 |  4- 6 |  7- 9 | 10-12 || total
-------------------------+-------+-------+-------+-------++-------
Melee: Unarmed           |   151 |   197 |   365 |   272 ||   985
Invok: Potion Petition   |       |       |       |     2 ||     2
  Use: Scroll            |       |       |     1 |    13 ||    14
       Potion            |       |       |     3 |     3 ||     6
 Stab: Sleeping          |     2 |     1 |     2 |       ||     5
       Distracted        |       |       |     1 |     3 ||     4
  Eat: Chunk             |     3 |     9 |    11 |       ||    23
       Pizza             |       |       |     1 |     1 ||     2
       Royal jelly       |       |       |     2 |       ||     2
       Bread ration      |       |       |       |     1 ||     1
       Beef jerky        |       |       |       |     1 ||     1

Vault maps used:
D:1:      ldierk_water_garden
D:2:      uniq_sigmund
D:3:      lemuel_upstairs_altar, tso_metal_star, first_bread, tgw_xom,
          uniq_natasha
D:4:      nicolae_overflow_hidden_temple, trog_butcher_becter, uniq_eustachio,
          uniq_duvessa, uniq_grinder
D:5:      grunt_dithmenos_smoke
D:6:      nicolae_whirlpool, tgw_sif, lemuel_round_altar,
          minmay_temple_entry_trees, hangedman_decor_peaks_small
D:7:      serial_shops, nicolae_shop_behind_doors, uniq_joseph, uniq_menkaure
D:8:      kennysheep_mini, minmay_lair_entry_lava, serial_corexii_hall,
          corexii_hall_statues_t, corexii_hall_statues_i,
          corexii_hall_statues_x, basic_altar
D:9:      nicolae_ru_awakened_eye, grunt_pizzeria
D:10:     erik_orc_3, uniq_josephine, uniq_nergalle, uniq_harold
Temple:   circular_temple_12
